AoeStats
← tavoo

Hideout

507930415Analyzed
1v1 RM · 13d ago on Sep 20, 2026· 23m 54s· 2 players
Game mode
Random Map
Map size
Tiny (2 player)
Population
200
Speed
Normal
Resources
Standard
Victory
Conquest
Starting age
Dark Age
Ending age
Imperial Age
RankedLock teamsTeams togetherTeam positionsShared explorationLock speedFull tech treeHidden civsTurbo modeCheats
Victory
Defeat
🇩🇪 Teutons · Germany
1340
+18
🇲🇽 Bohemians · Mexico
1379
-18
El Commandante
8:41 Loom
10:48 Feudal Age
11:30 Man-at-Arms
12:26 Double-Bit Axe
12:34 Horse Collar
16:39 Loom
19:49 Castle Age
18:18 Scale Mail Armor
19:09 Bloodlines
19:26 Forging
20:29 Scale Barding Armor
20:00 Long Swordsman
20:26 Gambesons
21:51 Squires
23:44 Bow Saw
24:40 Chain Mail Armor
tavoo
9:34 Feudal Age
9:59 Man-at-Arms
12:44 Double-Bit Axe
17:38 Castle Age
20:14 Fervor
20:52 Fervor
20:34 Town Watch
20:35 Loom
Connection lost

Rejoining the realm…

Still unreachable

The connection could not be restored.

Session expired

The server has moved on; the page needs a fresh start.